 Dungeon Crawl Stone Soup version 0.30-a0-900-g23479c02f2 (webtiles) character file.

Game seed: 14674015314231052358

6585 Iniera the Cleaver (level 11, -4/60 HPs)
             Began as a Vine Stalker Fighter on Mar 19, 2023.
             Was a Believer of Qazlal.
             Slain by Amaemon
             ... wielding a -2 demon whip of venom
              (6 damage)
             ... on level 10 of the Dungeon.
             The game lasted 00:11:24 (8435 turns).

Iniera the Cleaver (Vine Stalker Fighter)           Turns: 8435, Time: 00:11:25

Health: -4/60      AC: 14    Str: 23    XL:     11   Next: 1%
Magic:  0/13       EV:  6    Int:  8    God:    Qazlal [**....]
Gold:   878        SH:  7    Dex: 14    Spells: 10/10 levels left

rFire   . . .      SeeInvis .    a - +0 war axe (venom)
rCold   . . .      Faith    .    c - +0 buckler
rNeg    . . .      Spirit   +    s - +0 plate armour
rPois   .          Reflect  .    (no helmet)
rElec   .          Rampage  .    p - +0 cloak
rCorr   .                        h - +0 pair of gloves
Will    +....                    (no boots) Stlth
                                 (no amulet)
HPRegen 1.10/turn                (no ring)
MPRegen 0.13/turn                (no ring)

@: no status effects
A: fangs 3, regeneration 1, magic shield, antimagic bite, no potion heal 2
a: Renounce Religion, Upheaval


You were on level 10 of the Dungeon.
You worshipped Qazlal.
Qazlal was pleased with you.
You visited 2 branches of the dungeon, and saw 11 of its levels.

You collected 878 gold pieces.

Inventory:

Hand Weapons
 a - a +0 war axe of venom (weapon)
 x - a +0 battleaxe
 B - a +3 scimitar of flaming
Missiles
 z - 5 throwing nets (quivered)
Armour
 c - a +0 buckler (worn)
 h - a +0 pair of gloves (worn)
 p - a +0 cloak (worn)
 s - a +0 plate armour (worn)
Jewellery
 t - a ring of protection from cold
Wands
 l - a wand of polymorph (12)
 n - a wand of mindburst (29)
 A - a wand of flame (5)
Scrolls
 b - a scroll of amnesia
 f - 4 scrolls of teleportation
 i - 2 scrolls of immolation
 k - a scroll of fear
 m - 2 scrolls of enchant weapon
 y - a scroll of noise
Potions
 d - a potion of might
 e - 4 potions of berserk rage {unknown}
 g - 8 potions of curing
 j - a potion of degeneration {unknown}
 o - 2 potions of haste {unknown}
 q - 3 potions of mutation {unknown}
 r - a potion of brilliance {unknown}
 v - a potion of experience {unknown}
 w - a potion of resistance {unknown}


   Skills:
 + Level 8.7 Fighting
 * Level 12.0 Axes
 + Level 3.9 Armour
 - Level 2.6 Shields
 + Level 2.5 Invocations


You had 10 spell levels left.
You didn't know any spells.
Your spell library contained the following spells:

 Spells                   Type           Power      Damage    Failure   Level
 Lesser Beckoning         Tloc           0%         N/A       100%        2
 Sublimation of Blood     Necr           0%         N/A       100%        2
 Wereblood                Tmut           0%         N/A       100%        2
 Call Canine Familiar     Summ           0%         N/A       100%        3
 Frozen Ramparts          Ice            0%         1d1       100%        3
 Gell's Gravitas          Tloc           0%         N/A       100%        3
 Inner Flame              Hex/Fire       0%         N/A       100%        3
 Portal Projectile        Hex/Tloc       0%         N/A       100%        3
 Teleport Other           Tloc           0%         N/A       100%        3
 Cause Fear               Hex            0%         N/A       100%        4
 Ice Form                 Ice/Tmut       0%         N/A       100%        4
 Leda's Liquefaction      Hex/Erth       0%         N/A       100%        4
 Summon Ice Beast         Ice/Summ       0%         N/A       100%        4
 Summon Hydra             Summ           0%         N/A       100%        7
 Discord                  Hex            0%         N/A       100%        8


Dungeon Overview and Level Annotations

Branches:
Dungeon (10/15)            Temple (1/1) D:7
   Lair: D:8-11         Orc: D:9-12

Altars:
Ashenzari
Cheibriados
Dithmenos
Elyvilon
Fedhas
Gozag
Hepliaklqana
Kikubaaqudgha
Makhleb
Nemelex Xobeh
Okawaru
Qazlal
Ru
Sif Muna
Trog
Uskayaw
Vehumet
Wu Jian
Xom
Yredelemnul
Zin
The Shining One
Jiyva

Annotations:
D:4 1 runed translucent door, Iniera's ghost, amateur VSFi
D:10 Amaemon


Innate Abilities, Weirdness & Mutations

You have razor-sharp teeth.
Your natural rate of healing is unusually fast.
When hurt, damage is shared between your health and your magic reserves.
Your bite disrupts and absorbs the magic of your enemies.
Potions cannot restore your health.


Message History

You slash Amaemon!
Amaemon is heavily wounded.
You feel sick. You block Amaemon's attack.
Amaemon claws you but does no damage. Amaemon completely misses you.
Your system rejects the healing.
You feel better. You block Amaemon's attack. Amaemon closely misses you.
Amaemon tail-slaps you but does no damage.
Unknown command.
You slash Amaemon!
Amaemon looks as sick as possible!
Your bite misses Amaemon.
Amaemon is severely wounded.
You block Amaemon's attack. Amaemon claws you.
* * * LOW HITPOINT WARNING * * *
Amaemon tail-slaps you but does no damage.
Unknown command.
You slash Amaemon!
Amaemon looks as sick as possible!
Your bite misses Amaemon.
Amaemon is severely wounded.
Amaemon hits you but does no damage.
You are poisoned.
You block Amaemon's attack. Amaemon barely misses you.
You hit Amaemon. You bite Amaemon, but do no damage.
Amaemon is severely wounded.
You feel very sick.
Amaemon hits you with a -2 demon whip of venom.
* * * LOW HITPOINT WARNING * * *
You are more poisoned.
Amaemon claws you!
* * * LOW HITPOINT WARNING * * *
Amaemon tail-slaps you.
* * * LOW HITPOINT WARNING * * *
Unknown command.
Unknown command.
You closely miss Amaemon. Your bite misses Amaemon.
Amaemon is severely wounded.
* * * LOW HITPOINT WARNING * * *
You feel very sick. Amaemon closely misses you.
Amaemon claws you but does no damage.
Amaemon tail-slaps you but does no damage.
Your system rejects the healing.
You feel better.
Amaemon hits you with a -2 demon whip of venom!
You die...

......# ......# ......
#####.... ##..##..#
#...##..######
#....'...#...#
##..##...#...#
#@####...#...#
##########6...#.<.#...#
##.<......##...#...'...#
#.............#######.##
#....4........# ###
######6...##..# ....#
..# ......... .......


You could see Amaemon (extremely poisoned).

Vanquished Creatures
  Harold (D:9)
  Erica (D:9)
  Prince Ribbit (D:7)
  A shadow (D:9)
  5 yaks (D:9)
  A wyvern (D:7)
  4 steam dragons
  Menkaure (D:6)
  A water moccasin (D:9)
  2 sky beasts (D:7)
  2 orc warriors
  3 ice beasts
  An ogre (D:6)
  2 black bears
  4 centaurs
  4 phantoms
  3 kobold brigands
  4 bullfrogs (D:7)
  A gnoll sergeant (D:7)
  A wight (D:7)
  8 killer bees
  3 howler monkeys (D:7)
  A hound (D:7)
  5 orc priests
  2 sleepcaps
  A jelly (D:7)
  11 orc wizards
  2 iguanas
  5 gnolls
  5 adders
  A shadow imp (D:7)
  4 white imps (D:6)
  2 ufetubi
  A worm (D:3)
  3 dart slugs
  40 orcs
  3 endoplasms
  11 goblins
  8 hobgoblins
  2 jackals (D:3)
  4 quokkas
  4 ball pythons
  3 bats
  2 frilled lizards
  18 kobolds
  9 rats
  A spectral orc (D:3)
202 creatures vanquished.

Notes
Turn   | Place    | Note
-------+----------+-------------------------------------------
     0 | D:1      | Iniera the Vine Stalker Fighter began the quest for the
                  | Orb.
     0 | D:1      | Reached XP level 1. HP: 11/11 MP: 2/2
    85 | D:1      | Reached skill level 2 in Axes
   136 | D:1      | Reached XP level 2. HP: 13/16 MP: 1/3
   603 | D:1      | Reached skill level 3 in Axes
   678 | D:1      | Reached XP level 3. HP: 19/19 MP: 4/4
  1155 | D:2      | Gained mutation: Your natural rate of healing is unusually
                  | fast. [Vine Stalker growth]
  1155 | D:2      | Reached XP level 4. HP: 18/24 MP: 3/5
  1770 | D:3      | Reached skill level 4 in Axes
  1795 | D:3      | Reached XP level 5. HP: 28/28 MP: 6/6
  1875 | D:3      | Found a faded altar of an unknown god.
  1878 | D:3      | Found a burning altar of Makhleb.
  2294 | D:3      | Found a basalt altar of Yredelemnul.
  2387 | D:3      | Found a faded altar of an unknown god.
  2575 | D:4      | Noticed a black bear
  2584 | D:4      | Killed a black bear
  2585 | D:4      | Reached XP level 6. HP: 11/33 MP: 4/7
  2637 | D:4      | Reached skill level 5 in Axes
  2702 | D:4      | Found a runed translucent door.
  2707 | D:4      | Noticed Iniera's ghost (amateur VSFi)
  2902 | D:4      | Found a hazy altar of Hepliaklqana.
  2902 | D:4      | Found a bloodstained altar of Trog.
  2905 | D:4      | Found a shimmering altar of Xom.
  2906 | D:4      | Found a glowing golden altar of the Shining One.
  3136 | D:5      | Entered Level 5 of the Dungeon
  3149 | D:5      | Found a hide-covered altar of Uskayaw.
  3208 | D:5      | Reached XP level 7. HP: 37/37 MP: 8/8
  3440 | D:5      | Reached skill level 6 in Axes
  3841 | D:6      | Noticed Menkaure
  3851 | D:6      | Killed Menkaure
  3962 | D:6      | Identified the +3 hand axe of Sacaat {venom, rF- rN++ rCorr
                  | SInv}
  4017 | D:6      | Found a white marble altar of Elyvilon.
  4281 | D:6      | Reached skill level 5 in Fighting
  4302 | D:6      | Reached skill level 7 in Axes
  4302 | D:6      | Gained mutation: You have razor-sharp teeth. [Vine Stalker
                  | growth]
  4302 | D:6      | Reached XP level 8. HP: 24/43 MP: 9/9
  4475 | D:6      | Found a shadowy altar of Dithmenos.
  4999 | D:7      | Found a staircase to the Ecumenical Temple.
  5016 | D:7      | Reached skill level 8 in Axes
  5020 | Temple   | Entered the Ecumenical Temple
  5216 | Temple   | Became a worshipper of Qazlal Stormbringer
  5260 | D:7      | Noticed a wyvern
  5268 | D:7      | Killed a wyvern
  5585 | D:7      | Reached XP level 9. HP: 48/48 MP: 10/10
  5681 | D:7      | Noticed Prince Ribbit
  5688 | D:7      | Killed Prince Ribbit
  5689 | D:7      | Reached skill level 9 in Axes
  6180 | D:7      | Reached * piety under Qazlal
  6290 | D:7      | Reached skill level 10 in Axes
  7070 | D:8      | Reached XP level 10. HP: 45/56 MP: 11/11
  7295 | D:8      | Found an iron altar of Okawaru.
  7438 | D:9      | Reached ** piety under Qazlal
  7441 | D:9      | Reached skill level 11 in Axes
  7506 | D:9      | Noticed Harold
  7514 | D:9      | Killed Harold
  7715 | D:9      | Reached skill level 1 in Invocations
  7775 | D:9      | Found an ancient bone altar of Kikubaaqudgha.
  8290 | D:10     | Entered Level 10 of the Dungeon
  8294 | D:10     | Noticed an orange demon
  8294 | D:10     | Noticed Erica
  8296 | D:10     | Noticed Amaemon
  8309 | D:9      | Killed Erica
  8310 | D:9      | Reached skill level 12 in Axes
  8310 | D:9      | Reached XP level 11. HP: 12/60 MP: 3/13
  8434 | D:10     | HP: 1/60 [poisoned by Amaemon]
  8435 | D:10     | Slain by Amaemon

Illustrated notes

Levels and vault maps discovered:
D:1:      dpeg_arrival_snail, layout_basic
D:2:      layout_basic, minmay_misc_feat_rows
D:3:      layout_loops_ring, yredelemnul_forgotten_temple_becter,
          nicolae_overflow_ecumenical_swirl,
          hellmonk_ecumenical_altar_defaced_shrine
D:4:      layout_rooms, minitemple, ebering_ghost_reflecting_pool
D:5:      layout_basic, nicolae_uskayaw_murder_on_the_dancefloor,
          nicolae_eternal_life
D:6:      layout_basic, grunt_dithmenos_smoke_and_mirrors,
          amcnicky_altar_gilded, uniq_menkaure
D:7:      minmay_polygon_palace, layout_basic, minmay_temple_entry_grid,
          uniq_prince_ribbit1
D:8:      layout_loops_ring, marbit_many_paths
D:9:      layout_gridville, nicolae_kikubaaqudgha_miasma_corner, uniq_harold
D:10:     layout_gridville, erik_lair_orcish_takeover, nicolae_shop_vocational,
          uniq_erolcha, uniq_amaemon, uniq_snorg, uniq_erica
Temple:   pf_slime_end_temple

Skill      XL: |  1  2  3  4  5  6  7  8  9 10 |
---------------+-------------------------------+-----
Axes           | 2 3 4 5 7 8 10 12 | 12.0
Fighting       | 3 4 5 6 7 8 |  8.7
Armour         | 3 |  3.9
Invocations    | 2 |  2.5
Shields        | |  2.6

Action                     |  1- 3 |  4- 6 |  7- 9 | 10-12 || total
---------------------------+-------+-------+-------+-------++-------
  Melee: War axe           |    81 |   117 |   262 |    95 ||   555
         Bite              |    15 |    40 |    77 |    33 ||   165
  Evoke: Wand              |       |       |     5 |     3 ||     8
    Use: Scroll            |       |     7 |     4 |     2 ||    13
         Potion            |       |       |     1 |     3 ||     4
 Armour: Scale mail        |    32 |    42 |    48 |       ||   122
         Plate armour      |       |       |    78 |    77 ||   155
  Dodge: Dodged            |    47 |    43 |    79 |    32 ||   201
  Block: Buckler           |    14 |    32 |    41 |    44 ||   131

Table legend: (Time is in decaauts)
 A = Elapsed time spent in this place.
 B = Non-inter-level travel time spent in this place.
 C = Inter-level travel time spent in this place.
 D = Time resting spent in this place.
 E = Time spent auto-exploring this place.
 F = Levels seen in this place.
 G = Mean time per level.
                   A        B        C        D        E       F      G
               +--------+--------+--------+--------+--------+-----+--------+
         Total |   8544 |   8214 |    330 |    165 |   6645 |  11 |  776.7 |
       Dungeon |   8333 |   8036 |    297 |    165 |   6499 |  10 |  833.3 |
        Temple |    210 |    177 |     33 |      0 |    146 |   1 |  210.0 |
               +--------+--------+--------+--------+--------+-----+--------+

Top non-repeatable levels by time:
     D:7: 1623 daAuts
     D:6: 1034 daAuts
     D:9: 996 daAuts
     D:1: 931 daAuts
     D:2: 868 daAuts
     D:3: 771 daAuts
     D:8: 717 daAuts
     D:5: 715 daAuts
     D:4: 631 daAuts
  Temple: 210 daAuts
    D:10: 43 daAuts
